 Dungeon Crawl Stone Soup version 0.24-a0-160-gfa3a8d6 (webtiles) character file.

Game seed: 4432746903918353664

254 Lanoc the Skirmisher (level 5, 0/47 HPs)
             Began as a Draconian Fighter on Mar 5, 2019.
             Slain by an orc
             ... wielding a +2 trident of venom
              (10 damage)
             ... on level 3 of the Dungeon.
             The game lasted 00:03:24 (1684 turns).

Lanoc the Skirmisher (Draconian Fighter)            Turns: 1684, Time: 00:03:24

Health: 0/47       AC:  4    Str: 24    XL:     5   Next: 90%
Magic:  5/5        EV: 17    Int:  8    God:
Gold:   147        SH: 10    Dex: 16    Spells: 4/4 levels left

rFire    . . .     SeeInvis .   a - +0 long sword
rCold    . . .     Gourm    .   b - +0 shield
rNeg     . . .     Faith    .   (armour unavailable)
rPois    .         Spirit   .   (helmet restricted)
rElec    .         Reflect  .   s - +0 cloak
rCorr    .         Harm     .   m - +1 pair of gloves
MR       +....                  (no boots)
Stlth    +++.......             (no amulet)
HPRegen  0.15/turn              n - ring of protection from magic
MPRegen  0.09/turn              j - ring of stealth

@: mighty, agile, corroded
A: unfitting armour, cold-blooded, AC +5
a: no special abilities


You were on level 3 of the Dungeon.
You were not hungry.

You visited 1 branch of the dungeon, and saw 3 of its levels.

You collected 147 gold pieces.

Inventory:

Hand Weapons
 a - a +0 long sword (weapon)
Armour
 b - a +0 shield (worn)
 m - a +1 pair of gloves (worn)
 s - a +0 cloak (worn)
Jewellery
 j - a ring of stealth (right hand)
 n - a ring of protection from magic (left hand)
Scrolls
 h - 5 scrolls of identify {unknown}
 l - 3 scrolls of teleportation {unknown}
 o - 3 scrolls of remove curse {unknown}
 q - a scroll of noise {unknown}
Potions
 f - a potion of ambrosia {unknown}
 g - a potion of brilliance {unknown}
 i - a potion of curing
 p - a potion of lignification {unknown}
Comestibles
 d - 3 rations


   Skills:
 + Level 4.3 Fighting
 * Level 4.2 Long Blades
 + Level 3.5 Dodging
 + Level 4.0 Shields


You had 4 spell levels left.
You didn't know any spells.
Your spell library contained the following spells:

 Spells                   Type           Power        Failure   Level  Hunger
 Beastly Appendage        Tmut           #.....       87%         1    ##.....
 Sticks to Snakes         Tmut           #.......     95%         2    ###....
 Spider Form              Tmut/Pois      #.........   99%         3    ####...
 Ice Form                 Ice/Tmut       #.......     100%        4    #####..
 Blade Hands              Tmut           #.........   100%        5    ######.


Dungeon Overview and Level Annotations

Branches:
Dungeon (3/15)

Altars:

Annotations:
D:3 Jessica


Innate Abilities, Weirdness & Mutations

Your plain brown scales are hard. (AC +5)
You cannot fit into any form of body armour.
You are cold-blooded and may be slowed by cold attacks.


Message History

Jessica mumbles some strange words.
Jessica blinks!
The orc hits you from afar with a +2 trident of venom!
* * * LOW HITPOINT WARNING * * *
You are more poisoned.
It was a potion of agility.
You feel agile all of a sudden.
* * * LOW HITPOINT WARNING * * *
You feel sick. Ijyb hits you but does no damage. You block the orc's attack.
It was a potion of curing.
You feel better. You block Ijyb's attack. You block the orc's attack.
You feel very mighty all of a sudden. Ijyb hits you with a +0 dagger.
* * * LOW HITPOINT WARNING * * *
You block the orc's attack.
You slash Ijyb!
You kill Ijyb!
Your Shields skill increases to level 4!
The orc hits you from afar with a +2 trident of venom!
You die...

..# ...# # #
#..#.# # #..#. #
... ## #.# )# #
##.###### .###
.##.#o###.......#
...#
......)@...####.#
#### ...#
......###.#####.#
#... ...# .....
#.##....# #.##
.#... ...#
#.##.##.# #.## .#
# .# #.##.##.#
#... ## #.......#
#.## ##.##
####.##.#####...
#...#
#...##.........
#...###
####.#.########.##


You could see an orc.

Vanquished Creatures
  Crazy Yiuf (D:2)
  Natasha (thrice) (D:2)
  Ijyb (D:3)
  A worker ant zombie (D:3)
  4 gnolls
  2 adders (D:2)
  An ooze (D:1)
  A dart slug (D:2)
  3 leopard geckos
  3 giant cockroaches
  9 hobgoblins
  4 jackals
  2 quokkas
  6 bats
  A frilled lizard (D:2)
  5 goblins
  4 kobolds
  3 rats
54 creatures vanquished.

Notes
Turn   | Place    | Note
-------+----------+-------------------------------------------
     0 | D:1      | Lanoc the Draconian Fighter began the quest for the Orb.
     0 | D:1      | Reached XP level 1. HP: 19/19 MP: 1/1
   105 | D:1      | Reached XP level 2. HP: 23/26 MP: 2/2
   505 | D:2      | Reached XP level 3. HP: 31/31 MP: 3/3
   556 | D:2      | Noticed Natasha
   577 | D:2      | Killed Natasha
   577 | D:2      | Reached XP level 4. HP: 38/40 MP: 4/4
   742 | D:2      | Noticed Natasha
   756 | D:2      | Killed Natasha
   837 | D:2      | Found a runed translucent door.
   838 | D:2      | Noticed Crazy Yiuf
   894 | D:2      | Noticed Natasha
   901 | D:2      | Killed Natasha
   901 | D:2      | Reached XP level 5. HP: 45/46 MP: 5/5
  1130 | D:2      | Killed Crazy Yiuf
  1666 | D:3      | Noticed Ijyb
  1674 | D:3      | Noticed Jessica
  1684 | D:3      | Killed Ijyb
  1684 | D:3      | Slain by an orc

Levels and vault maps discovered:
D:1:      eino_arrival_tree_alley, layout_rooms
D:2:      layout_basic, uniq_crazy_yiuf_cottage, uniq_natasha
D:3:      layout_loops_cross, first_ration, uniq_jessica, uniq_ijyb

Skill      XL: |  1  2  3  4  5 |
---------------+----------------+-----
Dodging        | 3 |  3.5
Long Blades    | 3 4 |  4.2
Fighting       | 4 |  4.3
Shields        | 4 |  4.0

Action                   |  1- 3 |  4- 6 || total
-------------------------+-------+-------++-------
Melee: Long sword        |    66 |   118 ||   184
       Tailslap          |     7 |    20 ||    27
  Use: Potion            |       |     3 ||     3
 Stab: Sleeping          |     1 |     1 ||     2
  Eat: Chunk             |       |     3 ||     3
Armor: Skin              |    22 |    38 ||    60
Dodge: Dodged            |    27 |    62 ||    89
Block: Shield            |    35 |    75 ||   110
       Rpst.: Long sword |    10 |    15 ||    25

Table legend:
 A = Non-vault XP
 B = Vault XP
 C = Vault XP percentage of total XP
 D = Non-vault monster count
 E = Vault monster count
 F = Vault count percentage of total count
                 A         B        C        D         E       F
            +---------+---------+-------+---------+---------+-------
      Total |     252 |     111 |  30.6 |      51 |       3 |   5.6
            +---------+---------+-------+---------+---------+-------
        D:1 |      32 |       0 |   0.0 |      17 |       0 |   0.0
        D:2 |     147 |      76 |  34.1 |      22 |       2 |   8.3
        D:3 |      73 |      35 |  32.4 |      12 |       1 |   7.7
            +---------+---------+-------+---------+---------+-------
